 Dungeon Crawl Stone Soup version 0.19-a0-1201-gda63bca (webtiles) character file.

147 Leszczynek the Cudgeler (level 5, -2/46 HPs)
             Began as an Ogre Earth Elementalist on Aug 20, 2016.
             Killed by nerve-wracking pain
             ... invoked by a shadow imp
              (12 damage)
             ... on level 5 of the Dungeon.
             The game lasted 00:10:20 (1815 turns).

Leszczynek the Cudgeler (Ogre Earth Elementalist)   Turns: 1815, Time: 00:10:21

Health: -2/46      AC:  3    Str: 14    XL:     5   Next: 29%
Magic:  5/8        EV: 10    Int: 14    God:
Gold:   152        SH:  0    Dex: 10    Spells: 2 memorised, 5 levels left

rFire  . . .     SeeInvis .     a - +0 whip
rCold  . . .     Gourm    .     c - +0 robe
rNeg   . . .     Faith    .     (no shield)
rPois  .         Spirit   .     (helmet restricted)
rElec  .         Dismiss  .     (no cloak)
rCorr  .         Reflect  .     (gloves unavailable)
MR     .....     Harm     .     (boots unavailable)
Stlth  +.........               (no amulet)
                                (no ring)
                                (no ring)

@: no status effects
A: unfitting armour, tough skin 1
a: no special abilities


You were on level 5 of the Dungeon.
You were hungry.

You visited 1 branch of the dungeon, and saw 5 of its levels.

You collected 152 gold pieces.

Inventory:

Hand Weapons
 a - a +0 whip (weapon)
 q - a +0 hunting sling
Missiles
 b - 51 stones (quivered)
 l - 54 sling bullets
 s - 5 tomahawks
Armour
 c - a +0 robe (worn)
Wands
 n - a wand of iceblast (4/15)
Scrolls
 f - 2 scrolls of immolation {unknown}
 j - a scroll of recharging {unknown}
 k - 2 scrolls of remove curse {unknown}
 m - a scroll of teleportation {unknown}
 r - 2 scrolls of fear {unknown}
 t - a scroll of enchant armour {unknown}
 x - a scroll of enchant weapon {unknown}
Potions
 g - a potion of heal wounds
 h - a potion of curing
 i - a potion of haste
 o - a potion of magic
 u - a potion of cancellation
 w - a potion of ambrosia {unknown}
 z - 2 potions of cure mutation
Books
 e - a book of Geomancy

   Spells                             Type                      Level
   a - Sandblast                      Earth                        1
   b - Passwall                       Transmutation/Earth          2
   c - Stone Arrow                    Conjuration/Earth            3
   d - Petrify                        Transmutation/Earth          4
   e - Lee's Rapid Deconstruction     Earth                        5
Comestibles
 d - 6 bread rations
 p - 3 meat rations
 v - a slice of pizza


   Skills:
 - Level 0.3 Fighting
 * Level 6.3 Maces & Flails
 - Level 1.7 Dodging
 - Level 1.5 Stealth
 - Level 2.4 Spellcasting
 - Level 0.6 Transmutations
 - Level 2.1 Earth Magic


You had 5 spell levels left.
You knew the following spells:

 Your Spells              Type           Power        Failure   Level  Hunger
a - Sandblast             Erth           #.....       12%         1    #......
b - Passwall              Tmut/Erth      #.........   21%         2    ###....


Dungeon Overview and Level Annotations

Branches:
Dungeon (5/15)
 Temple: D:4-7

Altars:
Ru

Annotations:
D:5 sky beast, disto axe orc


Innate Abilities, Weirdness & Mutations

You are too large for most types of armour.
You have tough skin. (AC +1)


Message History

The shadow imp barely misses you.
You closely miss the shadow imp.
The shadow imp is almost dead.
The shadow imp closely misses you.
You barely miss the shadow imp.
The shadow imp is almost dead.
The shadow imp grins evilly.
The shadow imp barely misses you.
Your magical contamination has completely faded away.
You barely miss the shadow imp.
The shadow imp is almost dead.
The shadow imp hits you.
* * * LOW HITPOINT WARNING * * *
You hit the shadow imp but do no damage.
The shadow imp is almost dead.
You closely miss the shadow imp.
The shadow imp is almost dead.
The shadow imp gestures at you. Pain shoots through your body!
You die...

# .# #.# .. #.# ##<## ...
##.###### #...# .. #....
..# #[..# ####.###..# #.#
#...# ..........####.#
#...#
.#........##.####...####
......##..............<...
...#. ##.@5...............
.. #. #...................
...#..#.#..###<####...####
......#.#..###.# #....##
#........(..# #...#)##
####.######## #..#.#)#
##.# ########.#...#.
#####..####.......#.....#
.............###.#.#.≈≈≈.#


You could see a shadow imp.

Vanquished Creatures
  A worker ant (D:4)
  A hound skeleton (D:4)
  A gnoll (D:5)
  2 adders
  An ooze (D:4)
  An adder skeleton (D:5)
  A worm (D:5)
  2 dart slugs
  2 giant geckos
  An orc (D:5)
  5 bats
  3 giant cockroaches
  7 goblins
  8 hobgoblins
  10 jackals
  A quokka (D:4)
  3 giant newts
  4 kobolds
  8 rats
62 creatures vanquished.

Notes
Turn   | Place    | Note
-------+----------+-------------------------------------------
     0 | D:1      | Leszczynek the Ogre Earth Elementalist began the quest for the Orb.
     0 | D:1      | Reached XP level 1. HP: 16/16 MP: 3/3
    70 | D:1      | Reached skill level 1 in Maces & Flails
   175 | D:1      | Reached skill level 2 in Maces & Flails
   175 | D:1      | Reached XP level 2. HP: 22/26 MP: 5/5
   188 | D:1      | Learned a level 2 spell: Passwall
   344 | D:1      | Reached skill level 3 in Maces & Flails
   468 | D:1      | Reached XP level 3. HP: 20/32 MP: 4/6
   698 | D:2      | Reached skill level 4 in Maces & Flails
   941 | D:3      | Reached XP level 4. HP: 40/40 MP: 7/7
  1165 | D:4      | Reached skill level 5 in Maces & Flails
  1310 | D:5      | Entered Level 5 of the Dungeon
  1312 | D:5      | Noticed a sky beast
  1481 | D:4      | Reached XP level 5. HP: 44/46 MP: 8/8
  1507 | D:4      | Reached skill level 6 in Maces & Flails
  1681 | D:5      | Found a sacrificial altar of Ru.
  1815 | D:5      | Killed from afar by a shadow imp

Vault maps used:
D:1:      onia_arrival_pentagram
D:2:      first_bread, minmay_misc_feat_room
D:3:      eino_curves_01
D:4:      minmay_door_path
D:5:      nicolae_ru_awakened_eye, minivault_27, serial_bayou_pond_c

Skill      XL: |  1  2  3  4  5 |
---------------+----------------+-----
Maces & Flails | 2 3 4 5 6 |  6.3
Fighting       | |  0.3
Dodging        | |  1.7
Stealth        | |  1.5
Spellcasting   | |  2.4
Transmutations | |  0.6
Earth Magic    | |  2.1

Action                   |  1- 3 |  4- 6 || total
-------------------------+-------+-------++-------
Melee: Club              |    36 |       ||    36
       Whip              |    43 |    74 ||   117
 Cast: Sandblast         |    44 |    29 ||    73
  Use: Scroll            |       |     6 ||     6
 Stab: Sleeping          |     1 |       ||     1
  Eat: Chunk             |     1 |     3 ||     4
Armor: Robe              |    30 |    17 ||    47
Dodge: Dodged            |    60 |    46 ||   106
